 Dungeon Crawl Stone Soup version 0.31-a0-986-g5e6e4ef867 (webtiles) character file.

Game seed: 13107793911207216234

7884 mandarbmax the Skirmisher (level 11, -5/92 HPs)
             Began as a Human Hunter on Nov 18, 2023.
             Was an Elder of Ashenzari.
             Slain by a cyan ugly thing (14 damage)
             ... on level 11 of the Dungeon.
             The game lasted 00:24:37 (10458 turns).

mandarbmax the Skirmisher (Human Hunter)           Turns: 10458, Time: 00:24:37

Health: -5/92      AC:  8    Str: 12    XL:     11   Next: 45%
Magic:  0/11       EV: 12    Int:  9    God:    Ashenzari [****..]
Gold:   628        SH:  0    Dex: 21    Spells: 10/10 levels left

rFire   . . .        t - +1 orcbow of Ashenzari's Lethargy {Range, Elem} (curse)
rCold   . . .        (shield currently unavailable)
rNeg    . . .        c - +0 leather armour of the Bound Agnosticism {Elem, Self} (curse)
rPois   .            h - +1 helmet
rElec   .            q - scarf "Esoteric Failure" {repulsion, Elem, Fort} (curse)
rCorr   .            B - +1 pair of gloves of Ashenzari's Gloom {Range, Elem} (curse)
SInv    +            C - +0 pair of boots
Will    +....        j - amulet "Tethered With Me" {Spirit, Alch, Dev} (curse)
Stlth   ++           r - ring "Oscillating Fan" {Will+, Dev, Comp} (curse)
HPRegen 0.35/turn    (no ring)
MPRegen 0.12/turn

%: repel missiles, clarity, guardian spirit
@: hasted, very quick
A: no striking features
a: Renounce Religion, Shatter the Chains


You were on level 11 of the Dungeon.
You worshipped Ashenzari.
Ashenzari was greatly pleased with you.
You visited 2 branches of the dungeon, and saw 12 of its levels.

You collected 628 gold pieces.

Inventory:

Hand Weapons
 t - the cursed +1 orcbow of Ashenzari's Lethargy (weapon) {Range, Elem}
   (You took it off a centaur on level 7 of the Dungeon)

   It has a curse which improves the following skills: Ranged Combat: Ranged
   Weapons and Throwing.
   Elements:  Fire Magic, Ice Magic, Air Magic and Earth Magic.
Missiles
 i - a throwing net
Armour
 c - the cursed +0 leather armour of the Bound Agnosticism (worn) {Elem, Self}

   It has a curse which improves the following skills: Elements: Fire Magic, Ice
   Magic, Air Magic and Earth Magic.
   Introspection: Fighting and Spellcasting.
 h - a +1 helmet (worn)
 q - the cursed scarf "Esoteric Failure" (worn) {repulsion, Elem, Fort}
   (You found it on level 5 of the Dungeon)

   It has a curse which improves the following skills: Elements: Fire Magic, Ice
   Magic, Air Magic and Earth Magic.
   Fortitude: Armour and Shields.
 v - +0 gold dragon scales
 z - a +2 leather armour of willpower
 B - the cursed +1 pair of gloves of Ashenzari's Gloom (worn) {Range, Elem}
   (You found it on level 7 of the Dungeon)

   It has a curse which improves the following skills: Ranged Combat: Ranged
   Weapons and Throwing.
   Elements:  Fire Magic, Ice Magic, Air Magic and Earth Magic.
 C - a +0 pair of boots (worn)
 H - +0 steam dragon scales
Jewellery
 j - the cursed amulet "Tethered With Me" (around neck) {Spirit, Alch, Dev}
   (You took it off a hobgoblin on level 2 of the Dungeon)

   [amulet of guardian spirit]

   Spirit:    It causes incoming damage to be divided between your reserves of
   health and magic.
   It has a curse which improves the following skills: Alchemy: Poison Magic and
   Transmutations.
   Devices:   Evocations and Shapeshifting.
 r - the cursed ring "Oscillating Fan" (left hand) {Will+, Dev, Comp}
   (You found it on level 7 of the Dungeon)

   [ring of willpower]

   Will+:     It increases your willpower.
   It has a curse which improves the following skills: Devices: Evocations and
   Shapeshifting.
   Companions: Summonings and Necromancy.
Wands
 e - a wand of polymorph (4)
 k - a wand of flame (47)
 w - a wand of mindburst (5)
 x - a wand of charming (17)
 F - a wand of iceblast (13)
Scrolls
 a - a scroll of amnesia
 b - a scroll of butterflies
 f - a scroll of teleportation
 g - 5 scrolls of poison
 l - 2 scrolls of vulnerability
 o - 2 scrolls of fog
 p - 2 scrolls of immolation
 u - 2 scrolls of revelation
 G - a scroll of silence
Potions
 d - 5 potions of enlightenment
 m - 4 potions of ambrosia
 n - 2 potions of brilliance
 s - a potion of might
 A - a potion of curing
Miscellaneous
 y - a lightning rod (4/4)


   Skills:
 + Level 8.9(10.7) Fighting
 * Level 14.4(17.0) Ranged Weapons
 - Level 2.0 Dodging
 - Level 1.0 Stealth
 - Level 4.1(6.6) Evocations


You had 10 spell levels left.
You didn't know any spells.
Your spell library contained the following spells:

 Spells                   Type           Power      Damage    Failure   Level
 Necrotise                Necr           0%         1d4       43%         1
 Magic Dart               Conj           0%         1d3       45%         1
 Passwall                 Tmut/Erth      0%         N/A       54%         2
 Ensorcelled Hibernation  Hex/Ice        0%         N/A       56%         2
 Wereblood                Tmut           0%         N/A       56%         2
 Searing Ray              Conj           0%         2d4       61%         2
 Ozocubu's Armour         Ice            1%         N/A       75%         3
 Swiftness                Air            1%         N/A       75%         3
 Vampiric Draining        Necr           0%         2d6       80%         3
 Fulminant Prism          Conj/Hex       0%         3d5       99%         4
 Agony                    Necr           0%         N/A       100%        5
 Alistair's Intoxication  Tmut/Pois      0%         N/A       100%        5
 Borgnjor's Vile Clutch   Necr/Erth      0%         N/A       100%        5
 Irradiate                Conj/Tmut      0%         3d11      100%        5
 Eringya's Noxious Bog    Tmut/Pois      0%         4d6       100%        6
 Ozocubu's Refrigeration  Ice            0%         4d7       100%        7


Dungeon Overview and Level Annotations

Branches:
Dungeon (11/15)            Temple (1/1) D:4            Lair (0/5) D:8
    Orc: D:9-12

Altars:
Ashenzari
Cheibriados
Dithmenos
Elyvilon
Fedhas
Gozag
Hepliaklqana
Kikubaaqudgha
Makhleb
Nemelex Xobeh
Okawaru
Qazlal
Ru
Sif Muna
Trog
Uskayaw
Vehumet
Wu Jian
Xom
Yredelemnul
Zin
The Shining One

Shops:
D:3 (   D:8 *

Annotations:
D:4 1 runed translucent door, Crazy Yiuf
D:9 3 runed translucent doors, math4jedi's ghost, novice MiBe


Message History

The cyan ugly thing pecks you. The cyan ugly thing shocks you!
The gnoll closely misses you.
You shoot an arrow.
The arrow closely misses the cyan ugly thing.
The cyan ugly thing pecks you but does no damage.
You shoot an arrow.
The arrow barely misses the cyan ugly thing.
The gnoll barely misses you.
You shoot an arrow. The arrow hits the cyan ugly thing.
The cyan ugly thing is almost dead.
The cyan ugly thing pecks you! The cyan ugly thing shocks you!
The gnoll hits you from afar with a +0 spear.
You are too injured to fight recklessly!
You are too injured to fight recklessly!
You are too injured to fight recklessly!
You are too injured to fight recklessly!
You are too injured to fight recklessly!
You are too injured to fight recklessly!
You are too injured to fight recklessly!
You are too injured to fight recklessly!
You are too injured to fight recklessly!
You are too injured to fight recklessly!
Okay, then.
Okay, then.
Okay, then.
You feel yourself speed up. The cyan ugly thing pecks you.
* * * LOW HITPOINT WARNING * * *
The cyan ugly thing shocks you!
* * * LOW HITPOINT WARNING * * *
Unknown command.
Fire: t) +1 orcbow of Ashenzari's Lethargy {Range, Elem} (curse)
Press: ? - help, Q - select action, (/) - cycle Shift-Dir - straight line, p - cyan ugly thing You shoot an arrow.
The arrow closely misses the cyan ugly thing.
The arrow hits the gnoll sergeant!
The gnoll sergeant is severely wounded.
The cyan ugly thing pecks you.
* * * LOW HITPOINT WARNING * * *
The cyan ugly thing shocks you!
You die...

*,#**,* #.......
*,#.,,* #.......
*,#.### #.......
*,*...#######....>..
#***#)##....'.......
#.,,#..[.####.......
#.###.#### #.......
#.[<..# #.......
###@### ###'#### *#u#
#.# * #.g# #.# *
**#g##**** #.# *
*,..,,,,,******#.#*** *
*...,,,,,,,,,,,...,,, *
**#?.),,,,,******#..***
***,...),,,,,* ##.*
**,.#...,,,,,* *,*


You could see a cyan ugly thing, a gnoll sergeant and a gnoll.

Vanquished Creatures
  Erica (D:8)
  A two-headed ogre (D:10)
  2 cyclopes (D:11)
  Joseph (D:7)
  2 trolls
  A hornet (D:9)
  A wyvern (D:9)
  A flying skull (D:7)
  Sigmund (D:3)
  A vampire (D:11)
  A steam dragon (D:8)
  Grum (D:8)
  2 black bears
  A swamp drake (D:6)
  An orc warrior (D:9)
  An ice beast (D:7)
  2 elephant zombies (D:7)
  An ogre (D:5)
  3 wolves (D:8)
  A phantom (D:5)
  4 centaurs
  3 kobold brigands
  4 bullfrogs
  3 scorpions
  8 wights
  11 killer bees
  2 howler monkeys
  2 jellies (D:5)
  2 crimson imps
  2 centaur zombies (D:7)
  A gnoll bouda (D:5)
  2 hounds
  5 orc priests
  An iguana (D:7)
  6 orc wizards
  Ijyb (D:4)
  A scorpion zombie (D:7)
  A killer bee zombie (D:7)
  2 hound zombies (D:7)
  A howler monkey zombie (D:7)
  7 gnolls
  8 adders
  A shadow imp (D:6)
  4 white imps
  2 ufetubi (D:4)
  5 adder zombies (D:7)
  2 worms (D:2)
  3 dart slugs
  18 orcs
  7 ball pythons
  6 endoplasms
  3 giant cockroaches
  8 goblins
  9 hobgoblins
  4 jackals (D:1)
  5 quokkas
  9 bats
  6 frilled lizards
  20 kobolds
  4 rats
219 creatures vanquished.

Vanquished Creatures (collateral kills)
  3 killer bees (D:9)
  A kobold (D:9)
4 creatures vanquished.

Grand Total: 223 creatures vanquished

Notes
Turn   | Place    | Note
-------+----------+-------------------------------------------
     0 | D:1      | mandarbmax the Human Hunter began the quest for the Orb.
     0 | D:1      | Reached XP level 1. HP: 16/16 MP: 1/1
    37 | D:1      | Reached XP level 2. HP: 6/22 MP: 2/2
   242 | D:1      | Reached XP level 3. HP: 27/27 MP: 3/3
   405 | D:1      | Reached skill level 5 in Ranged Weapons
   474 | D:1      | You fall into a shaft and drop 1 floor!
   552 | D:1      | Found a faded altar of an unknown god.
   952 | D:2      | Reached XP level 4. HP: 30/33 MP: 4/4
  1628 | D:3      | Identified the +0 chain mail of the Foremost Invaders {MP-9
                  | Dex+3}
  1831 | D:3      | Reached XP level 5. HP: 31/38 MP: 5/5
  1832 | D:3      | Reached skill level 6 in Ranged Weapons
  1922 | D:3      | Noticed Sigmund
  1935 | D:3      | Killed Sigmund
  1936 | D:3      | Reached skill level 7 in Ranged Weapons
  1936 | D:3      | Reached XP level 6. HP: 27/44 MP: 3/6
  2037 | D:3      | Found Ceophubbur's Antique Weapon Boutique.
  2774 | D:4      | Found a staircase to the Ecumenical Temple.
  2783 | Temple   | Entered the Ecumenical Temple
  2788 | Temple   | Became a worshipper of Ashenzari the Shackled
  2824 | D:4      | Found a runed translucent door.
  2825 | D:4      | Noticed Crazy Yiuf
  3207 | D:4      | Noticed Ijyb
  3476 | D:4      | Killed Ijyb
  3637 | D:4      | Found a hazy altar of Hepliaklqana.
  3818 | D:5      | Entered Level 5 of the Dungeon
  3890 | D:5      | Reached XP level 7. HP: 50/50 MP: 7/7
  3899 | D:5      | Identified the +7 whip "Undertaker" {holy, rElec Int+2}
  3935 | D:5      | Reached skill level 8 in Ranged Weapons
  3976 | D:5      | Found a basalt altar of Yredelemnul.
  4564 | D:5      | Reached skill level 9 in Ranged Weapons
  4564 | D:5      | Reached XP level 8. HP: 29/58 MP: 4/8
  4706 | D:5      | Reached * piety under Ashenzari
  5148 | D:6      | Noticed Maggie
  5217 | D:6      | Maggie changed into Maggie the swamp drake
  5217 | D:6      | Noticed Maggie
  5223 | D:6      | Killed Maggie the swamp drake
  5385 | D:6      | Found a burning altar of Makhleb.
  5516 | D:6      | Reached skill level 10 in Ranged Weapons
  5550 | D:6      | Noticed a troll
  5566 | D:6      | Killed a troll
  5567 | D:6      | Reached XP level 9. HP: 13/69 MP: 2/9
  5830 | D:6      | Reached skill level 5 in Fighting
  6055 | D:6      | Reached skill level 11 in Ranged Weapons
  6196 | D:6      | Found a bloodstained altar of Trog.
  6342 | D:7      | Reached ** piety under Ashenzari
  6524 | D:7      | Found an opulent altar of Gozag.
  6606 | D:7      | Identified the +7 great mace "Cereck" {protect, Int+2}
  6963 | D:7      | Found a blossoming altar of Fedhas.
  7051 | D:7      | Found an ancient bone altar of Kikubaaqudgha.
  7268 | D:7      | Found a hide-covered altar of Uskayaw.
  7270 | D:7      | Noticed Joseph
  7278 | D:7      | Reached skill level 12 in Ranged Weapons
  7296 | D:7      | Killed Joseph
  7297 | D:7      | Reached XP level 10. HP: 26/80 MP: 1/10
  7661 | D:8      | Noticed Grum
  7695 | D:8      | Killed Grum
  8102 | D:8      | Found a staircase to the Lair.
  8108 | D:8      | Noticed Erica
  8123 | D:8      | Killed Erica
  8124 | D:8      | Reached skill level 13 in Ranged Weapons
  8124 | D:8      | Reached skill level 1 in Evocations
  8318 | D:8      | Found a shimmering altar of Xom.
  8424 | D:8      | Found Zin's Purification Station.
  8428 | D:8      | Found a glowing silver altar of Zin.
  8947 | D:9      | Paralysed by a hornet for 3 turns
  8950 | D:9      | HP: 4/83 [poisoned by a killer bee]
  9323 | D:9      | Reached XP level 11. HP: 77/89 MP: 9/11
  9469 | D:9      | Found a runed translucent gate.
  9470 | D:9      | Found a runed translucent gate.
  9470 | D:9      | Found a runed translucent gate.
  9472 | D:9      | Noticed math4jedi's ghost (novice MiBe)
  9488 | D:9      | Noticed a manticore
  9534 | D:9      | Paralysed by a hornet for 1 turns
  9679 | D:9      | Reached *** piety under Ashenzari
  9698 | D:10     | Entered Level 10 of the Dungeon
  9798 | D:10     | Found an iron altar of Okawaru.
  9798 | D:10     | Found a shadowy altar of Dithmenos.
 10006 | D:10     | Noticed a two-headed ogre
 10013 | D:10     | Killed a two-headed ogre
 10014 | D:10     | Reached skill level 14 in Ranged Weapons
 10178 | D:10     | Reached **** piety under Ashenzari
 10361 | D:11     | Noticed a cyclops
 10366 | D:11     | Killed a cyclops
 10373 | D:11     | Noticed a cyclops
 10381 | D:11     | Killed a cyclops
 10438 | D:11     | Noticed a cyan ugly thing
 10458 | D:11     | Slain by a cyan ugly thing

Illustrated notes

Levels and vault maps discovered:
D:1:      dpeg_arrival_stonehenge_8_columns, layout_loops_ring,
          ebering_ecumenical_altar_petrified, minmay_surrounded
D:2:      layout_loops_ring
D:3:      layout_basic, serial_rivers, chequers_serial_rivers_micro_d,
          chequers_serial_rivers_micro_b, chequers_serial_rivers_micro_d,
          chequers_serial_rivers_small_b, chequers_serial_rivers_large_a,
          chequers_serial_rivers_micro_d, serial_shops,
          nicolae_shop_window_shopping, uniq_sigmund
D:4:      layout_cave_pools, nicolae_hepliaklqana_hazy_memory,
          minmay_temple_entry_statues_fountains, columned_hall_lemuel,
          kennysheep_cluttered_room, uniq_crazy_yiuf_cottage, uniq_ijyb
D:5:      layout_gridville, nicolae_overflow_crystal_walls,
          minmay_fire_ice_demons
D:6:      layout_layer_cave, makhleb_grotto_becter, trog_hazing_becter,
          uniq_maggie
D:7:      layout_rooms, lemuel_doored_altar, grunt_gozag_breadcrumbs,
          nicolae_uskayaw_dance_studio, roadster_capsule_ark_zombie, uniq_joseph
D:8:      layout_loops_ring, zin_purify, mainiacjoe_overflow_boulevard,
          lemuel_flamethrower_2, uniq_erica, uniq_grum
D:9:      layout_basic, gammafunk_ghost_split
D:10:     layout_gridville, grunt_temple_overflow_open
D:11:     layout_roguey, uniq_nergalle, uniq_lodul
Temple:   hellmonk_temple_of_storms

Skill      XL: |  1  2  3  4  5  6  7  8  9 10 11 |
---------------+----------------------------------+-----
Ranged Weapons | 5 7 9 10 12 13 14 | 14.4
Fighting       | 3 4 6 8 |  8.9
Evocations     | 3 4 |  4.1
Dodging        | |  2.0
Stealth        | |  1.0

Action                     |  1- 3 |  4- 6 |  7- 9 | 10-12 || total
---------------------------+-------+-------+-------+-------++-------
  Melee: Unarmed           |       |     9 |       |       ||     9
   Fire: Shortbow          |   106 |   171 |   410 |   173 ||   860
         Orcbow            |       |       |       |   159 ||   159
 Invoke: Curse Item        |       |     1 |     2 |     3 ||     6
  Evoke: Wand              |       |       |     1 |     1 ||     2
         Lightning rod     |       |       |       |     2 ||     2
    Use: Scroll            |       |    11 |     3 |     4 ||    18
         Potion            |       |       |     2 |     4 ||     6
 Armour: Leather armour    |    40 |    49 |   154 |   148 ||   391
         Skin              |       |    11 |       |       ||    11
  Dodge: Dodged            |    64 |    49 |   121 |   102 ||   336
         Repelled          |       |       |     3 |     1 ||     4

Table legend: (Time is in decaauts)
 A = Elapsed time spent in this place.
 B = Non-inter-level travel time spent in this place.
 C = Inter-level travel time spent in this place.
 D = Time resting spent in this place.
 E = Time spent auto-exploring this place.
 F = Levels seen in this place.
 G = Mean time per level.
                   A        B        C        D        E       F      G
               +--------+--------+--------+--------+--------+-----+--------+
         Total |  10401 |  10055 |    346 |   1216 |   7205 |  12 |  866.8 |
       Dungeon |  10305 |   9959 |    346 |   1141 |   7205 |  11 |  936.8 |
        Temple |     95 |     95 |      0 |     75 |      0 |   1 |   95.0 |
               +--------+--------+--------+--------+--------+-----+--------+

Top non-repeatable levels by time:
     D:5: 1646 daAuts
     D:3: 1324 daAuts
     D:8: 1255 daAuts
     D:7: 1120 daAuts
     D:1: 912 daAuts
     D:9: 906 daAuts
     D:6: 869 daAuts
     D:4: 852 daAuts
     D:2: 684 daAuts
    D:10: 619 daAuts
    D:11: 114 daAuts
  Temple: 95 daAuts
